Map: Frozen Temple

Players

Plurmorant

  • Race: Zerg Zerg
  • League: Grandmaster

Pokebunny - Winner!

  • Race: Terran Terran
  • League: Grandmaster

VOD

Have the link to the VOD?

Description

Time

  • Played on: April 5, 2016, 3:50 p.m.
  • Length: 5:42
Show
View Real Time Build Order
Export as new Build Order

Plurmorant Zerg 

Build Orders: Hatch First 

Get SALT Encoding   

  12  0:00  Drone  
  13  0:12  Overlord  
  13  0:17  Drone  
  14  0:23  Extractor  
  14  0:24  Drone  
  15  0:31  Drone  
  16  0:37  Drone  
  17  0:55  Hatchery  
  16  1:06  Spawning Pool  
  16  1:08  Drone  
  16  1:11  Drone  
  16  1:15  Drone  
  18  1:19  Extractor  
  18  1:20  Drone  
  18  1:33  Overlord  
  18  1:52  Queen  
  18  1:53  Zergling x4  
  22  2:02  Drone  
  22  2:07  Drone  
  22  2:08  Queen  
  26  2:14  Drone  
  27  2:17  Drone  
  27  2:22  Metabolic Boost  
  28  2:25  Drone  
  28  2:29  Drone  
  29  2:34  Spore Crawler  
  29  2:36  Extractor  
  29  2:37  Overlord  
  27  2:40  Spore Crawler  
  27  2:41  Drone  
  28  2:46  Extractor  
  28  2:49  Drone  
  29  2:52  Drone  
  29  2:56  Drone  
  29  2:57  Lair  
  33  3:01  Drone, Extractor  
  32  3:09  Overlord  
  32  3:10  Drone x2  
  32  3:11  Drone  
  35  3:17  Drone x2  
  35  3:18  Drone  
  37  3:28  Drone x2  
  37  3:33  Drone  
  40  3:35  Overlord  
  40  3:42  Zergling x2  
  40  3:45  Drone x2  
  43  3:50  Drone  
  44  3:57  Spire  
  44  3:58  Drone  
  44  3:59  Hatchery  
  44  4:00  Drone  
  44  4:04  Drone, Extractor  
  44  4:05  Extractor  
  44  4:08  Drone x2  
  45  4:11  Drone  
  45  4:13  Drone  
  45  4:15  Drone  
  48  4:17  Drone  
  48  4:19  Overlord  
  49  4:24  Drone  
  49  4:27  Overlord  
  49  4:30  Drone x2  
  52  4:36  Overlord, Baneling Nest  
  51  4:40  Drone  
  52  4:45  Overlord  
  52  4:50  Queen  
  54  4:53  Drone x2  
  54  4:56  Drone x2  
  54  4:59  Drone  
  59  5:00  Drone  
  59  5:01  Drone x2  
  59  5:04  Zergling x2  
  59  5:06  Zergling x2  
  64  5:11  Zergling x2  
  65  5:14  Zergling x2  
  65  5:16  Zergling x2  
  65  5:17  Zergling x2  
  65  5:19  Zergling x4  
  65  5:20  Baneling  
  72  5:22  Zergling x2  
Show
View Real Time Build Order
Export as new Build Order

Pokebunny Terran - Winner!

Build Orders: Reaper Expand 

Get SALT Encoding   

  12  0:01  SCV  
  13  0:13  SCV  
  14  0:17  Supply Depot  
  14  0:25  SCV  
  15  0:39  SCV  
  15  0:40  Barracks  
  16  0:43  Refinery  
  16  0:51  SCV  
  17  1:03  SCV  
  18  1:15  SCV  
  19  1:28  Reaper, Orbital Command  
  20  1:39  Command Center  
  20  1:54  Supply Depot  
  20  1:55  SCV  
  20  2:01  Barracks Reactor  
  21  2:04  Barracks  
  21  2:07  SCV  
  22  2:15  Barracks  
  22  2:19  SCV  
  23  2:32  SCV  
  23  2:34  Refinery  
  24  2:37  Marine x2  
  26  2:45  SCV  
  27  2:53  Orbital Command, Factory  
  27  2:56  Marine  
  28  2:58  Barracks Tech Lab  
  28  3:05  SCV  
  28  3:08  Marine  
  28  3:09  Marine  
  31  3:15  Marine  
  31  3:18  SCV  
  33  3:23  Marine  
  33  3:24  SCV, Stimpack  
  35  3:30  SCV  
  36  3:36  Marine x3  
  36  3:39  Starport  
  39  3:44  SCV x2  
  39  3:46  Marine  
  39  3:47  Factory Reactor  
  42  3:53  Supply Depot, Marine  
  43  3:58  Supply Depot  
  43  3:59  SCV  
  43  4:00  SCV  
  45  4:08  Marine  
  46  4:15  Marine x2, SCV x2  
  50  4:20  Marine, Supply Depot  
  51  4:26  Marine  
  52  4:31  Medivac x2  
  52  4:34  Marine x2  
  52  4:35  SCV x2  
  60  4:38  Marine  
  60  4:45  Marine  
  62  4:52  Barracks Reactor, Marine  
  63  4:55  SCV x2  
  63  4:57  Supply Depot  
  65  5:01  Command Center  
  65  5:07  Marine x2, SCV x2  
Tags
 
Add a new tag
Caveats
  • Supply blocks, unpowered buildings, or Contaminate may cause inaccurate times.
  • Supply counts are checked every 10 seconds.